 Dungeon Crawl Stone Soup version 0.18-a0-1157-g59db91b (webtiles) character file.

646 M4edhros the Sneak (level 7, -9/43 HPs)
             Began as an Octopode Artificer on Jan 24, 2016.
             Was an Initiate of Okawaru.
             Mangled by pedritolo's ghost (10 damage)
             ... on level 5 of the Dungeon.
             The game lasted 00:09:31 (4614 turns).

M4edhros the Sneak (Octopode Artificer)             Turns: 4614, Time: 00:09:31

Health: -9/43      AC:  1    Str: 11    XL:     7   Next: 52%
Magic:  10/10      EV: 16    Int: 16    God:    Okawaru [......]
Gold:   257        SH:  5    Dex: 20    Spells: 0 memorised, 6 levels left

rFire  . . .     SeeInvis .     C - +1 mace of Fragile Peace {crush, *Noise Dex+8}
rCold  + . .     Gourm    .     q - +0 buckler
rNeg   + . .     Faith    .     (helmet restricted)
rPois  +         Spirit   .     (no amulet)
rElec  .         Dismiss  .     w - ring of positive energy
rCorr  .         Reflect  .     m - ring of protection from magic
SustAt .         Harm     .     B - ring of protection from cold
MR     +....                    (no ring)
Stlth  +++++.....               (no ring)
                                (no ring)
                                (no ring)
                                (no ring)

@: somewhat resistant to hostile enchantments, quite stealthy
A: almost no armour, amphibious, 8 rings, constrict 8, antennae 1, camouflage 1,
poison resistance, gelatinous body 1
a: Renounce Religion


You were on level 5 of the Dungeon.
You worshipped Okawaru.
Okawaru was noncommittal.
You were not hungry.

You visited 2 branches of the dungeon, and saw 6 of its levels.

You collected 314 gold pieces.
You spent 57 gold pieces at shops.

Inventory:

Hand Weapons
 a - a +0 rapier
 k - a +4 quarterstaff of chaos
 C - the +1 mace of Fragile Peace (weapon) {crush, *Noise Dex+8}
   (You found it on level 4 of the Dungeon)

   It inflicts extra damage upon your enemies.
   It affects your dexterity (+8).
   It may make noises in combat.
Missiles
 e - 31 sling bullets
 i - 109 stones (quivered)
 y - 7 javelins
Armour
 q - a +0 buckler (worn)
Jewellery
 m - a ring of protection from magic (right tentacle)
 w - a ring of positive energy (left tentacle)
 B - a ring of protection from cold (on tentacle)
Wands
 b - a wand of flame (9/48)
 c - a wand of enslavement (13/24)
 d - a wand of random effects (24/48)
Scrolls
 o - a scroll of enchant weapon
 r - a scroll of immolation
 z - a scroll of teleportation
Potions
 j - a potion of might
 n - a potion of flight
Books
 g - Sif Muna's Catalogue of the Rocks
   (You found it on level 5 of the Dungeon)

   Spells                             Type                      Level
   a - Sandblast                      Earth                        1
Comestibles
 f - 4 bread rations
 l - 2 beef jerkies
 t - 6 fruits


   Skills:
 - Level 1.0 Fighting
 - Level 1.0 Short Blades
 * Level 4.8 Dodging
 * Level 6.2 Stealth
 * Level 3.4 Shields
 + Level 4.8 Evocations


You had 6 spell levels left.
You didn't know any spells.

Dungeon Overview and Level Annotations

Branches:
Dungeon (5/15)             Temple (1/1) D:4

Altars:
Cheibriados
Elyvilon
Makhleb
Nemelex Xobeh
Okawaru
Pakellas
Qazlal
Ru
Sif Muna
Vehumet
Yredelemnul

Shops:
D:5 *

Annotations:
D:5 pedritolo's ghost, amateur OpTm


Innate Abilities, Weirdness & Mutations

You cannot wear most types of armour.
You are amphibious.
You can wear up to eight rings at the same time.
You can use your tentacles to constrict eight enemies at once.
Your skin changes colour to match your surroundings (Stealth).
Your rubbery body absorbs attacks (AC +1).
You have a pair of small antennae on your head.
Your system is resistant to poisons.


Message History

You hit pedritolo's ghost.
Pedritolo's ghost is moderately damaged.
You block pedritolo's ghost's attack.
You hit pedritolo's ghost but do no damage.
Pedritolo's ghost is moderately damaged.
Pedritolo's ghost hits you.
You hit pedritolo's ghost.
Pedritolo's ghost is moderately damaged.
Pedritolo's ghost hits you. x2
You closely miss pedritolo's ghost.
You squeeze pedritolo's ghost, but do no damage.
Pedritolo's ghost is moderately damaged.
Pedritolo's ghost hits you.
* * * LOW HITPOINT WARNING * * *
You completely miss pedritolo's ghost.
Pedritolo's ghost is moderately damaged.
Pedritolo's ghost hits you!
* * * LOW HITPOINT WARNING * * *
Pedritolo's ghost hits you!
You die...

.. .... ..
#.##...... ..##..
.........# #..#..
.........#
##..... .....#.#
...... #.....#
#....
#####...W.## #...
........@..# #..
####.....## #.
#....## #. #.#.##
###.
#########.#.#
##.#.
#####.......#.#.#
#####.#..
..≈.#.........#..
.......#.
..≈>#######.#####
#####.... ..≈)#
#.# ##.#.


You could see pedritolo's ghost.

Vanquished Creatures
  A sky beast (D:3)
  A big kobold (D:4)
  Blork the orc (D:4)
  A centaur skeleton (D:4)
  2 hounds (D:4)
  Crazy Yiuf (D:4)
  An orc wizard (D:5)
  A worker ant (D:4)
  9 gnolls
  6 adders
  5 worms
  4 giant geckos
  7 orcs
  2 ball pythons
  6 giant cockroaches
  5 hobgoblins
  5 jackals (D:4)
  9 kobolds
  2 quokkas
  5 bats
  5 giant newts
  7 goblins
  8 rats
94 creatures vanquished.

Vanquished Creatures (others)
  An orc wizard (D:5)
1 creature vanquished.

Grand Total: 95 creatures vanquished

Notes
Turn   | Place    | Note
--------------------------------------------------------------
     0 | D:1      | M4edhros the Octopode Artificer began the quest for the Orb.
     0 | D:1      | Reached XP level 1. HP: 13/13 MP: 3/3
   106 | D:1      | Reached XP level 2. HP: 18/18 MP: 4/4
   569 | D:2      | Reached XP level 3. HP: 12/23 MP: 5/5
  1106 | D:3      | Found a stormy altar of Qazlal.
  1458 | D:3      | Noticed a sky beast
  1465 | D:3      | Killed a sky beast
  1465 | D:3      | Reached skill level 4 in Stealth
  1465 | D:3      | Reached skill level 1 in Shields
  1465 | D:3      | Reached XP level 4. HP: 26/28 MP: 5/7
  1465 | D:3      | Reached XP level 5. HP: 30/33 MP: 5/8
  1469 | D:3      | Gained mutation: You have a pair of small antennae on your head. [mutagenic meat]
  1470 | D:3      | Gained mutation: Your system is resistant to poisons. [mutagenic meat]
  1933 | D:4      | Found a staircase to the Ecumenical Temple.
  1942 | D:4      | Noticed a big kobold
  1942 | D:4      | a gnoll shaman changed into a big kobold
  1947 | D:4      | Reached XP level 6. HP: 27/38 MP: 9/9
  1948 | D:4      | Reached skill level 5 in Stealth
  1957 | Temple   | Entered the Ecumenical Temple
  2027 | Temple   | Became a worshipper of Warmaster Okawaru
  2534 | D:2      | Found an oddly glowing altar of Pakellas.
  2940 | D:3      | Found a burning altar of Makhleb.
  2940 | D:3      | Found a white marble altar of Elyvilon.
  3507 | D:4      | Noticed Blork the orc
  3520 | D:4      | Killed Blork the orc
  3520 | D:4      | Reached XP level 7. HP: 19/43 MP: 10/10
  3843 | D:4      | Noticed Crazy Yiuf
  3850 | D:4      | HP: 2/43 [Crazy Yiuf/quarterstaff of chaos (10)]
  3857 | D:4      | Got a faintly glowing mace
  3858 | D:4      | Identified the cursed +1 mace of Fragile Peace {crush, *Noise Dex+8} (You found it on level 4 of the Dungeon)
  3939 | D:5      | Entered Level 5 of the Dungeon
  4220 | D:4      | Reached skill level 6 in Stealth
  4233 | D:4      | Killed Crazy Yiuf
  4460 | D:5      | Found Ninogy's Assorted Antiques.
  4501 | D:5      | Bought a scroll labeled OJOLYA XUICIFF for 30 gold pieces
  4501 | D:5      | Bought a smoky black potion for 27 gold pieces
  4513 | D:5      | Found a deep blue altar of Sif Muna.
  4534 | D:5      | Identified Sif Muna's Catalogue of the Rocks
  4606 | D:5      | Noticed pedritolo's ghost (amateur OpTm)
  4614 | D:5      | HP: 1/43 [pedritolo's ghost (10)]
  4614 | D:5      | Mangled by pedritolo's ghost

Vault maps used:
D:1:      tarquinn_simple_flora_water_d
D:2:      old_standard_altar, minmay_stone_trees_large
D:3:      old_standard_altar, gammafunk_temple_overflow_wave,
          kennysheep_generic_room_5
D:4:      first_bread, serial_column_ruins, column_ruins_open_small,
          column_ruins_open_small, column_ruins_open_small,
          column_ruins_open_small, uniq_blork_the_orc, uniq_crazy_yiuf_cottage
D:5:      led_sif_book, serial_shops, nicolae_shop_overgrown_old_shop,
          minmay_misc_feat_iff
Temple:   circular_temple_6

Action                   |  1- 3 |  4- 6 |  7- 9 || total
-------------------------+-------+-------+-------++-------
Melee: Short sword       |    68 |    98 |       ||   166
       Mace              |       |       |    23 ||    23
       Rapier            |       |       |    11 ||    11
Evoke: Wand              |     6 |    12 |     5 ||    23
  Use: Scroll            |       |       |     8 ||     8
       Potion            |       |       |     8 ||     8
 Stab: Sleeping          |     5 |    17 |       ||    22
       Distracted        |       |       |     1 ||     1
  Eat: Chunk             |     1 |     7 |       ||     8
       Meat ration       |       |     1 |     1 ||     2
